 Dungeon Crawl Stone Soup version 0.30.1-9-gdf580d7c3d (webtiles) character file.

Game seed: 17981435797698889529

231 Zonian the Chiller (level 5, -7/28 HPs)
             Began as a Deep Elf Ice Elementalist on Oct 8, 2023.
             Was a Believer of Cheibriados.
             Mangled by an ogre
             ... wielding a +0 giant club
              (27 damage)
             ... on level 4 of the Dungeon.
             The game lasted 00:10:59 (4526 turns).

Zonian the Chiller (Deep Elf Ice Elementalist)      Turns: 4526, Time: 00:11:00

Health: -7/28      AC: 13    Str: 11    XL:     5   Next: 73%
Magic:  7/14       EV: 14    Int: 28    God:    Cheibriados [**....]
Gold:   144        SH:  0    Dex: 21    Spells: 6/13 levels left

rFire   . . .        e - +4 whip
rCold   . . .        (no shield)
rNeg    . . .        a - +0 robe
rPois   .            k - +1 helmet
rElec   .            v - +0 cloak
rCorr   .            w - +0 pair of gloves
SInv    .            (no boots)
Will    .....        (no amulet)
Stlth   +++          (no ring)
HPRegen 0.24/turn    (no ring)
MPRegen 0.14/turn

%: no passive effects
@: ice-armoured, freezing walls, very slow
A: no striking features
a: Renounce Religion, Bend Time


You were on level 4 of the Dungeon.
You worshipped Cheibriados.
Cheibriados was pleased with you.
You visited 1 branch of the dungeon, and saw 4 of its levels.
You also visited: Sewer.

You collected 144 gold pieces.

Inventory:

Hand Weapons
 e - a +4 whip (weapon)
 g - a +0 falchion
 h - a +0 short sword
 o - a +0 sling
 u - a +7 club
Missiles
 f - 4 poisoned darts
Armour
 a - a +0 robe (worn)
 k - a +1 helmet (worn)
 v - a +0 cloak (worn)
 w - a +0 pair of gloves (worn)
Wands
 t - a wand of charming (1)
Scrolls
 l - a scroll of poison {unknown}
 m - 2 scrolls of enchant weapon {unknown}
 p - 2 scrolls of butterflies
 x - a scroll of teleportation
Potions
 b - a potion of magic
 c - 2 potions of attraction
 d - a potion of ambrosia {unknown}
 i - 2 potions of haste
 j - a potion of curing
 n - 2 potions of cancellation
 q - a potion of resistance {unknown}
 r - 2 potions of heal wounds {unknown}
 s - a potion of mutation {unknown}
 z - a potion of brilliance {unknown}


   Skills:
 + Level 4.1 Dodging
 + Level 4.4 Stealth
 + Level 4.8 Spellcasting
 + Level 5.4 Ice Magic
 + Level 0.0 Invocations


You had 6 spell levels left.
You knew the following spells:

 Your Spells              Type           Power      Damage    Failure   Level
a - Freeze                Ice            100%       1d10      1%          1
b - Frozen Ramparts       Ice            74%        1d12      2%          3
c - Ozocubu's Armour      Ice            37%        N/A       2%          3

Your spell library contained the following spells:

 Spells                   Type           Power      Damage    Failure   Level
 Kiss of Death            Conj/Necr      24%        2d7       7%          1
 Hailstorm                Conj/Ice       21%        3d6       7%          3
 Confusing Touch          Hex            6%         N/A       21%         3
 Dazzling Flash           Conj/Hex       12%        N/A       21%         3
 Ice Form                 Ice/Tmut       21%        N/A       22%         4
 Summon Ice Beast         Ice/Summ       21%        N/A       22%         4
 Dispel Undead            Necr           6%         3d8       56%         4
 Agony                    Necr           6%         N/A       88%         5
 Silence                  Hex/Air        3%         N/A       88%         5
 Simulacrum               Ice/Necr       10%        N/A       98%         6


Dungeon Overview and Level Annotations

Branches:
Dungeon (4/15)              Sewer (visited)
 Temple: D:4-7

Altars:
Cheibriados

Shops:
D:4 (

Annotations:
D:2 Natasha, Terence


Message History

a +0 robe; a +0 club
Things that are here:
9 stones; a +0 robe; a +0 club
There is a stone staircase leading down here.
There is an escape hatch in the floor here.
You slide downwards.
The hatch slams shut behind you.
You hear the hiss of flowing sand.
There is an entrance to an ossuary on this level.
Hurry and find it before the portal is buried!
You hear the hiss of an avalanche of sand.
The hobgoblin hits you but does no damage.
Casting: Frozen Ramparts (dangerous; 2% risk of failure)
Confirm with . or Enter, or press ? or * to list all spells.
Casting: Frozen Ramparts (dangerous; 2% risk of failure)
Press: ? - help, Dir - look around, f - activate The walls around you are covered in ice.
The wall freezes the ogre!
The ogre closely misses you.
The wall freezes the hobgoblin but does no damage.
The hobgoblin hits you but does no damage.
Unknown command.
Casting: Frozen Ramparts (dangerous; 2% risk of failure)
Confirm with . or Enter, or press ? or * to list all spells.
A film of ice covers your body!
The wall freezes the hobgoblin!
You kill the hobgoblin!
Cheibriados thoroughly appreciates the change of pace.
Unknown command.
You hit the ogre.
The ogre is heavily wounded.
The wall freezes the ogre.
The ogre hits you with a +0 giant club!
Unknown command.
Casting: Ozocubu's Armour (dangerous; 2% risk of failure)
Confirm with . or Enter, or press ? or * to list all spells.
Aiming: Freeze (safe; 1% risk of failure)
Press: ? - help, Shift-Dir - straight line, f - ogre
Aim: an ogre, wielding a +0 giant club (heavily wounded)
You freeze the ogre.
The ogre is severely wounded.
The wall freezes the ogre!
The ogre hits you with a +0 giant club!!
Ouch! That really hurt!
You die...

...
.. ..
. #.
#.#
#.O##
####
#.†@#
....
#.#.#
...#
# #..
#<..
##.8
##.#
#.#
.. .#
###
.. .
.. .
..


You could see an ogre.

Vanquished Creatures
  Ijyb (D:3)
  Jessica (D:3)
  Natasha (twice) (D:2)
  A hell rat (Sewer)
  Robin (D:2)
  An adder (D:2)
  3 dart slugs
  3 orcs (D:3)
  4 ball pythons
  2 bats
  2 endoplasms
  2 giant cockroaches (D:3)
  12 goblins
  5 hobgoblins
  7 jackals
  2 quokkas (D:2)
  6 frilled lizards
  8 kobolds
  14 rats
77 creatures vanquished.

Vanquished Creatures (collateral kills)
  A goblin (D:3)
  A quokka (D:3)
2 creatures vanquished.

Grand Total: 79 creatures vanquished

Notes
Turn   | Place    | Note
-------+----------+-------------------------------------------
     0 | D:1      | Zonian the Deep Elf Ice Elementalist began the quest for
                  | the Orb.
     0 | D:1      | Reached XP level 1. HP: 10/10 MP: 6/6
   267 | D:1      | Reached XP level 2. HP: 15/15 MP: 6/8
   981 | D:2      | Noticed Natasha
  1160 | D:2      | Noticed Robin
  1237 | D:2      | Killed Robin
  1238 | D:2      | Reached XP level 3. HP: 19/19 MP: 5/10
  1596 | D:2      | Killed Natasha
  1597 | D:2      | Reached XP level 4. HP: 18/24 MP: 7/12
  1606 | D:2      | Noticed Natasha
  1666 | D:2      | Killed Natasha
  1667 | D:2      | Reached skill level 5 in Ice Magic
  1840 | D:2      | Found a faded altar of an unknown god.
  1905 | D:2      | Noticed Terence
  1948 | D:2      | Prayed at the altar of an unknown god.
  1948 | D:2      | Became a worshipper of Cheibriados the Contemplative
  1948 | D:2      | Reached * piety under Cheibriados
  1998 | D:2      | Learned a level 3 spell: Frozen Ramparts
  2002 | D:2      | Learned a level 3 spell: Ozocubu's Armour
  2047 | D:2      | Noticed Natasha
  2312 | D:3      | Reached ** piety under Cheibriados
  2319 | D:3      | Found a glowing drain.
  2326 | D:3      | Reached XP level 5. HP: 28/28 MP: 9/13
  2331 | Sewer    | Entered a sewer
  3096 | D:3      | Noticed Ijyb
  3106 | D:3      | Killed Ijyb
  3418 | D:3      | Noticed Jessica
  4096 | D:3      | Killed Jessica
  4330 | D:4      | Found Topey's Antique Weapon Boutique.
  4480 | D:4      | Noticed an ogre
  4522 | D:4      | Noticed an ogre
  4526 | D:4      | Mangled by an ogre

Illustrated notes

Levels and vault maps discovered:
D:1:      minmay_arrival_diagonal_passages, layout_loops_cross,
          minmay_misc_feat_roman, serial_park_tiny_pond
D:2:      minmay_diamond_boxcup, layout_rooms, nicolae_ecumenical_oubliette,
          uniq_natasha, uniq_robin, uniq_terence
D:3:      layout_loops_ring, portal_sewer_entry_b, serial_park_tiny_1,
          uniq_ijyb, uniq_jessica
D:4:      layout_basic, jmf_multi_god_temple2, gammafunk_ghost_smash,
          lightli_ossuary_entry_decrepit_ruins, nicolae_stop_n_shop_1

Skill      XL: |  1  2  3  4  5 |
---------------+----------------+-----
Stealth        | 3 4 |  4.4
Dodging        | 3 4 |  4.1
Spellcasting   | 4 |  4.8
Ice Magic      | 5 |  5.4

Action                     |  1- 3 |  4- 6 || total
---------------------------+-------+-------++-------
  Melee: Unarmed           |     1 |       ||     1
         Whip              |    13 |    14 ||    27
   Cast: Freeze            |    56 |    55 ||   111
         Frozen Ramparts   |       |     2 ||     2
         Ozocubu's Armour  |       |     1 ||     1
  Evoke: Wand              |       |     1 ||     1
    Use: Scroll            |       |     7 ||     7
         Potion            |       |     1 ||     1
 Armour: Robe              |     3 |    13 ||    16
  Dodge: Dodged            |    27 |    26 ||    53
